[Event "Titled Tuesday Blitz June 20 Late 2023"]
[White "Ismayil, Malak"]
[Black "Skaric, Djuro"]
[WhiteFideId "13412604"]
[BlackFideId "934569"]
[WhiteElo "1868"]
[BlackElo "2282"]
[Result "1-0"]
[Round "8"]
[TimeControl "180+2"]
[Date "2023.06.20"]
[WhiteClock "0:00:48"]
[BlackClock "0:01:49"]
[Board "102"]

1. e4 d6 2. d4 g6 3. Nc3 Bg7 4. Be3 Nf6 5. f3 Nc6 6. Qd2 h5 7. Bd3 a6 8. Nge2 b5 9. a3 e5 10. d5 Ne7 11. h3 Bb7 12. f4 Qd7 13. fxe5 dxe5 14. Bg5 Nc8 15. O-O Nh7 16. Bh4 O-O 17. Qe3 Nd6 18. Ng3 Kh8 19. Rf2 f5 20. exf5 gxf5 21. Nxh5 f4 22. Qf3 Nf5 23. Qg4 Rf7 24. Nxg7 Nxg7 25. Qxd7 Rxd7 26. Re1 Bxd5 27. Rxe5 Rg8 28. Rxd5 Rxd5 29. Nxd5 Ne6 30. Bxh7 Kxh7 31. Nf6+ 1-0


[Site "https://www.chess.com"]

[Event "Titled Tuesday Blitz June 20 Late 2023"]
[White "Vaglio Munoz, Jaime"]
[Black "Golubev, Mikhail"]
[WhiteFideId "6500145"]
[BlackFideId "14100983"]
[WhiteElo "2199"]
[BlackElo "2374"]
[Result "0-1"]
[Round "8"]
[TimeControl "180+2"]
[Date "2023.06.20"]
[WhiteClock "0:00:00"]
[BlackClock "0:01:22"]
[Board "103"]

1. Nf3 d6 2. b3 e5 3. d3 Nf6 4. Bb2 Be7 5. g3 O-O 6. Bg2 Re8 7. O-O Nc6 8. c4 Bf5 9. Nc3 Qd7 10. Re1 Bh3 11. Bh1 h6 12. a3 Rf8 13. b4 Nd8 14. e4 Ne6 15. d4 Bg4 16. dxe5 Bxf3 17. Bxf3 dxe5 18. Qxd7 Nxd7 19. Nd5 Bd8 20. Rad1 c6 21. Ne3 Nf6 22. Bxe5 Ng5 23. Bg2 Ngxe4 24. Nf5 Re8 25. Bxe4 Rxe5 26. Bc2 Rxe1+ 27. Rxe1 Kf8 28. Nd6 Rb8 29. c5 Bc7 30. Nf5 Rd8 31. Re2 g6 0-1


[Site "https://www.chess.com"]

[Event "Titled Tuesday Blitz June 20 Late 2023"]
[White "Stanisz, Patryk"]
[Black "Muradov, Soltan"]
[WhiteFideId "1123106"]
[BlackFideId "14002108"]
[WhiteElo "2069"]
[BlackElo "2163"]
[Result "0-1"]
[Round "8"]
[TimeControl "180+2"]
[Date "2023.06.20"]
[WhiteClock "0:00:01"]
[BlackClock "0:02:00"]
[Board "104"]

1. d4 Nf6 2. c4 g6 3. Nc3 Bg7 4. e4 O-O 5. Be2 c5 6. d5 d6 7. g4 b5 8. cxb5 a6 9. bxa6 Bxa6 10. g5 Nfd7 11. h4 Qa5 12. Bd2 Qb6 13. Rb1 Ne5 14. Be3 Bxe2 15. Qxe2 Qa6 16. Qxa6 Nxa6 17. Ke2 Rfb8 18. Nf3 Nc4 19. Nd1 Nxb2 20. Nxb2 Bxb2 21. h5 Bg7 22. hxg6 hxg6 23. a3 Nc7 24. Nd2 Nb5 25. Nc4 Nc3+ 26. Kd3 Rxb1 0-1


[Site "https://www.chess.com"]

[Event "Titled Tuesday Blitz June 20 Late 2023"]
[White "Shuvalov, Evgenij"]
[Black "Ward, Ieuan C"]
[WhiteFideId "4187237"]
[BlackFideId "406627"]
[WhiteElo "2080"]
[BlackElo "2274"]
[Result "1-0"]
[Round "8"]
[TimeControl "180+2"]
[Date "2023.06.20"]
[WhiteClock "0:01:28"]
[BlackClock "0:00:05"]
[Board "105"]

1. b4 e5 2. Bb2 Bxb4 3. Bxe5 Nf6 4. Nc3 Nc6 5. Bxf6 Qxf6 6. Nd5 Qe5 7. c4 Ba5 8. Nf3 Qd6 9. e3 O-O 10. Be2 Ne7 11. Nxe7+ Qxe7 12. O-O d6 13. d4 Bg4 14. Rb1 c6 15. h3 Bxf3 16. Bxf3 Rab8 17. Qa4 Bb6 18. Rb3 f5 19. Rc1 f4 20. c5 dxc5 21. dxc5 Bc7 22. Qxa7 fxe3 23. Rxe3 Qg5 24. Rce1 Qf4 25. g3 Qf6 26. Kg2 h6 27. Qa4 Ra8 28. Qb3+ Kh8 29. Qxb7 Ba5 30. R1e2 Bc3 31. Qxc6 Bd4 32. Qxf6 Rxf6 33. Bxa8 1-0


[Site "https://www.chess.com"]

[Event "Titled Tuesday Blitz June 20 Late 2023"]
[White "Kornyukov, Alexey"]
[Black "Gomez Barrera, Javiera Belen"]
[WhiteFideId "4150457"]
[BlackFideId "3418723"]
[WhiteElo "2352"]
[BlackElo "2119"]
[Result "0-1"]
[Round "8"]
[TimeControl "180+2"]
[Date "2023.06.20"]
[WhiteClock "0:00:00"]
[BlackClock "0:00:13"]
[Board "106"]

1. d4 Nf6 2. c4 g6 3. f3 Bg7 4. e4 d6 5. Nc3 O-O 6. Bg5 Nc6 7. Nge2 a6 8. Qd2 b5 9. cxb5 axb5 10. Nxb5 Ba6 11. Nec3 Rb8 12. Be2 Qc8 13. O-O Re8 14. Rfc1 Qb7 15. Be3 Nd7 16. d5 Nce5 17. f4 c6 18. fxe5 cxb5 19. e6 Ne5 20. b4 Rbc8 21. a4 Nc4 22. Bxc4 Rxc4 23. Rab1 Rec8 24. exf7+ Kxf7 25. axb5 Bxb5 26. Ne2 Rxe4 27. Nf4 Rxc1+ 28. Rxc1 Bc4 29. Ne6 Qxd5 30. Ng5+ Kg8 31. Nxe4 Qxe4 32. Bf2 Bd5 33. Be3 Bf6 0-1


[Site "https://www.chess.com"]

[Event "Titled Tuesday Blitz June 20 Late 2023"]
[White "Calhoun, Luke"]
[Black "Jiang, Andrew"]
[WhiteFideId "2064421"]
[BlackFideId "30953510"]
[WhiteElo "2255"]
[BlackElo "1883"]
[Result "0-1"]
[Round "8"]
[TimeControl "180+2"]
[Date "2023.06.20"]
[WhiteClock "0:00:20"]
[BlackClock "0:01:15"]
[Board "107"]

1. e4 e5 2. Nf3 Nc6 3. Bb5 a6 4. Bxc6 dxc6 5. d4 exd4 6. Qxd4 Qxd4 7. Nxd4 Bc5 8. Nb3 Bb6 9. a4 a5 10. Na3 Be6 11. Bf4 Nf6 12. f3 O-O-O 13. Nd2 Nh5 14. Be5 f6 15. Bc3 Nf4 16. Kf1 Be3 17. Ndc4 Bc5 18. Bxa5 Rd4 19. c3 Rxc4 20. Nxc4 Bxc4+ 21. Ke1 Rd8 22. g3 Ng2# 0-1


[Site "https://www.chess.com"]

[Event "Titled Tuesday Blitz June 20 Late 2023"]
[White "KorolDimitriy75"]
[Black "Itkis, Boris"]
[BlackFideId "1209167"]
[WhiteElo "2413"]
[BlackElo "2219"]
[Result "1-0"]
[Round "8"]
[TimeControl "180+2"]
[Date "2023.06.20"]
[WhiteClock "0:00:23"]
[BlackClock "0:00:06"]
[Board "108"]

1. d4 d5 2. c4 e6 3. Nc3 Nf6 4. Bg5 c6 5. cxd5 exd5 6. e3 Bd6 7. Bd3 O-O 8. Qc2 h6 9. Bh4 Re8 10. Nge2 Nbd7 11. h3 Nf8 12. O-O-O b5 13. Kb1 a5 14. Rc1 a4 15. g4 Bd7 16. Bg3 Bxg3 17. Nxg3 Qa5 18. Nce2 Ne6 19. Nf5 b4 20. Qd1 Ne4 21. Bxe4 dxe4 22. Neg3 a3 23. b3 Nc7 24. Nd6 Re6 25. Ndxe4 Nd5 26. Qd2 Be8 27. Rc2 f6 28. Nc5 Re7 29. Ka1 Bg6 30. e4 Nc3 31. f3 Rd8 32. Qe3 Qc7 33. Nf5 Bxf5 34. gxf5 Nb5 35. Ne6 Rxe6 36. fxe6 Nxd4 37. Rd2 Qe5 38. Kb1 Nxe6 39. Rhd1 Rxd2 40. Rxd2 c5 41. Qd3 Nd4 42. Qc4+ Kh7 43. Qd5 Qg3 44. Rxd4 Qg1+ 45. Rd1 Qf2 46. Qf5+ 1-0


[Site "https://www.chess.com"]

[Event "Titled Tuesday Blitz June 20 Late 2023"]
[White "Tarnowska, Aleksandra"]
[Black "ArchibaldCerveza29"]
[WhiteFideId "1180967"]
[WhiteElo "1776"]
[BlackElo "2435"]
[Result "0-1"]
[Round "8"]
[TimeControl "180+2"]
[Date "2023.06.20"]
[WhiteClock "0:00:00"]
[BlackClock "0:01:29"]
[Board "109"]

1. e4 g6 2. d4 Bg7 3. Nc3 d6 4. Be3 Nd7 5. Qd2 a6 6. f4 b5 7. Nf3 Ngf6 8. h3 b4 9. Ne2 Nxe4 10. Qxb4 Rb8 11. Qa3 c5 12. c3 O-O 13. g4 Nb6 14. Nc1 Nd5 15. Bd2 e5 16. fxe5 dxe5 17. Bd3 Nxd2 18. Kxd2 exd4 19. cxd4 cxd4 20. Ne2 Kh8 21. Be4 f5 22. Bxd5 Qxd5 23. g5 d3 24. Qxd3 Rxb2+ 25. Ke3 Re8+ 26. Kf4 Qxd3 27. Rad1 Qe4+ 28. Kg3 Rxe2 29. Rd4 Bxd4 0-1


[Site "https://www.chess.com"]

[Event "Titled Tuesday Blitz June 20 Late 2023"]
[White "Srdanovic, Jovana"]
[Black "Sala, Giulia"]
[WhiteFideId "954810"]
[BlackFideId "2840451"]
[WhiteElo "2155"]
[BlackElo "1769"]
[Result "0-1"]
[Round "8"]
[TimeControl "180+2"]
[Date "2023.06.20"]
[WhiteClock "0:00:07"]
[BlackClock "0:01:18"]
[Board "110"]

1. d4 e6 2. c4 Nf6 3. Nc3 d5 4. Bg5 Be7 5. e3 c6 6. Nf3 h6 7. Bh4 O-O 8. Rc1 Nbd7 9. Qc2 a5 10. Bd3 Re8 11. O-O Nf8 12. Ne5 Nh5 13. Bxe7 Qxe7 14. f4 Nf6 15. c5 N6d7 16. Rce1 f6 17. Ng6 Nxg6 18. Bxg6 Rd8 19. e4 Nf8 20. Bh5 Qc7 21. e5 f5 22. a3 b6 23. b4 axb4 24. axb4 bxc5 25. bxc5 Ba6 26. Be2 Bxe2 27. Nxe2 Ra3 28. Ra1 Rda8 29. Rxa3 Rxa3 30. Rb1 Ng6 31. g3 Qa5 32. Kf2 Kh7 33. h4 Ra2 34. Rb2 Ra4 35. h5 Ne7 36. Qd2 Qa8 37. Ng1 Nc8 38. Nf3 Na7 39. Qc2 Nb5 40. Qd3 Rc4 41. g4 Rc3 42. Qb1 Qa3 43. Nd2 Nxd4 44. g5 hxg5 45. fxg5 Rh3 46. Nf1 Qf3+ 47. Ke1 Rh1 48. g6+ Kh6 49. Qc1+ f4 50. Rf2 Rxf1+ 51. Kxf1 Qh1# 0-1


[Site "https://www.chess.com"]

[Event "Titled Tuesday Blitz June 20 Late 2023"]
[White "Yurasova, Daria"]
[Black "Bongo Akanga Ndjila, Barthelemy"]
[WhiteFideId "34146919"]
[BlackFideId "10609431"]
[WhiteElo "2109"]
[BlackElo "1768"]
[Result "1-0"]
[Round "8"]
[TimeControl "180+2"]
[Date "2023.06.20"]
[WhiteClock "0:02:04"]
[BlackClock "0:00:43"]
[Board "112"]

1. d4 d5 2. Nf3 e6 3. Bf4 Nf6 4. e3 Be7 5. Nbd2 Nh5 6. Bg3 g6 7. Be2 Nxg3 8. hxg3 O-O 9. c3 c5 10. g4 Nc6 11. Qc2 cxd4 12. exd4 e5 13. dxe5 Bxg4 14. Qd3 Rc8 15. Qe3 g5 16. Nd4 Bxe2 17. Qxe2 Re8 18. Qh5 Bf8 19. Qxh7# 1-0


[Site "https://www.chess.com"]

[Event "Titled Tuesday Blitz June 20 Late 2023"]
[White "Nunez V, Gustavo Eduardo"]
[Black "Martinez, Ayelen"]
[WhiteFideId "4403690"]
[BlackFideId "118702"]
[WhiteElo "2168"]
[BlackElo "2074"]
[Result "1-0"]
[Round "8"]
[TimeControl "180+2"]
[Date "2023.06.20"]
[WhiteClock "0:00:08"]
[BlackClock "0:00:14"]
[Board "113"]

1. e4 c5 2. Nc3 d6 3. g3 g6 4. Bg2 Nc6 5. d3 Bg7 6. Be3 e6 7. Qd2 Nd4 8. h4 h5 9. Nh3 Ne7 10. f4 Nec6 11. Ng5 b5 12. e5 d5 13. Bxd4 Nxd4 14. Nf3 b4 15. Ne2 Nf5 16. a3 Qb6 17. axb4 cxb4 18. d4 b3 19. c3 Ba6 20. Kf2 Bc4 21. Nc1 a5 22. Nd3 O-O 23. Nc5 Rfc8 24. Bh3 Nh6 25. Ng5 Rxc5 26. dxc5 Qxc5+ 27. Qd4 Qxd4+ 28. cxd4 a4 29. Bf1 Bf8 30. Bxc4 dxc4 31. Rhc1 a3 32. Rxc4 axb2 33. Rb1 Ra2 34. Rc8 Nf5 35. d5 exd5 36. e6 fxe6 37. Nxe6 Kf7 38. Nxf8 Nd6 39. Rb8 Ne4+ 40. Ke3 Nc3 41. Rxb2 Rxb2 42. Nd7 Nd1+ 43. Kd3 Rb1 44. Ne5+ Ke6 45. Rb6+ Kf5 46. Rxg6 Nf2+ 47. Kc3 b2 48. Rg5+ Ke4 49. Kc2 Re1 50. Kxb2 Nd1+ 51. Kc2 Ne3+ 52. Kc3 Rc1+ 53. Kb4 Rb1+ 54. Kc5 Rc1+ 55. Kd6 d4 56. Nc6 d3 57. Re5+ Kf3 58. Nd4+ Kxg3 59. Rxe3+ Kxf4 60. Rxd3 Ke4 61. Rd2 Ke3 62. Nb3 Rc3 63. Rb2 Kf4 64. Nd4 Kg4 65. Rh2 Rd3 66. Ke5 Kg3 67. Rh1 Kg2 68. Re1 Kg3 69. Re4 Rd1 70. Nf5+ Kf3 71. Re3+ Kg4 72. Rg3# 1-0


[Site "https://www.chess.com"]

[Event "Titled Tuesday Blitz June 20 Late 2023"]
[White "Dimitrijevic, Aleksandra"]
[Black "Sokolov, Andrei"]
[WhiteFideId "929239"]
[BlackFideId "11600306"]
[WhiteElo "2265"]
[BlackElo "2473"]
[Result "1-0"]
[Round "8"]
[TimeControl "180+2"]
[Date "2023.06.20"]
[WhiteClock "0:01:47"]
[BlackClock "0:00:32"]
[Board "114"]

1. d4 d5 2. c4 c6 3. Nf3 Nf6 4. Nc3 e6 5. e3 Bd6 6. Bd3 dxc4 7. Bxc4 b5 8. Bd3 Bb7 9. O-O O-O 10. e4 Be7 11. e5 Nd5 12. a3 a6 13. Ne4 Nd7 14. Qc2 g6 15. Bh6 Re8 16. b4 a5 17. bxa5 Rxa5 18. h4 Rxa3 19. Rxa3 Bxa3 20. Qd2 Be7 21. h5 b4 22. hxg6 hxg6 23. Nfg5 c5 24. Qe2 cxd4 25. Nxf7 Kxf7 26. Qf3+ Kg8 27. Qg3 Kh7 28. Nf6+ N7xf6 29. Qxg6+ Kh8 30. Qg7# 1-0


[Site "https://www.chess.com"]

[Event "Titled Tuesday Blitz June 20 Late 2023"]
[White "Schut, Han"]
[Black "FuenfgegenWilly"]
[WhiteFideId "1005561"]
[WhiteElo "2024"]
[BlackElo "2398"]
[Result "1-0"]
[Round "8"]
[TimeControl "180+2"]
[Date "2023.06.20"]
[WhiteClock "0:01:25"]
[BlackClock "0:01:29"]
[Board "115"]

1. e4 e5 2. Nf3 Nc6 3. Bc4 Nf6 4. d4 exd4 5. e5 d5 6. Bb5 Ne4 7. Nxd4 Bd7 8. Bxc6 bxc6 9. O-O Bc5 10. f3 Ng5 11. Be3 O-O 12. f4 Ne4 13. Nd2 Qb8 14. Nxe4 dxe4 15. Rb1 Rd8 16. c3 Be6 17. b3 Bd5 18. f5 Re8 19. c4 Rxe5 20. cxd5 Rxd5 21. f6 Qd8 22. fxg7 Bxd4 23. Bxd4 Rxd4 24. Qh5 Qd5 25. Rf5 Rd1+ 26. Rxd1 Qxd1+ 27. Qxd1 1-0


[Site "https://www.chess.com"]

[Event "Titled Tuesday Blitz June 20 Late 2023"]
[White "De Souza, Cristiano Gomes"]
[Black "dodoucb"]
[WhiteFideId "2151758"]
[WhiteElo "2068"]
[BlackElo "2392"]
[Result "0-1"]
[Round "8"]
[TimeControl "180+2"]
[Date "2023.06.20"]
[WhiteClock "0:00:20"]
[BlackClock "0:00:07"]
[Board "116"]

1. d4 Nf6 2. c4 g6 3. Nc3 Bg7 4. e4 d6 5. Nf3 O-O 6. Be2 Nc6 7. O-O e5 8. d5 Ne7 9. Ne1 Nd7 10. Be3 f5 11. f3 f4 12. Bf2 g5 13. Nb5 a6 14. Na7 Nf6 15. Nxc8 Qxc8 16. Nd3 Ng6 17. c5 h5 18. Rc1 Qe8 19. cxd6 cxd6 20. Qb3 Rf7 21. Rc3 Bf8 22. Rfc1 Rd8 23. Rc7 b5 24. Qa3 Ra8 25. Qc3 g4 26. Rxf7 Qxf7 27. Qc7 Be7 28. Qb7 Qe8 29. Nb4 h4 30. Rc7 g3 31. Bb6 Rb8 32. Qxa6 gxh2+ 33. Kxh2 h3 34. Bxb5 Qf8 35. gxh3 Nh4 36. Bd7 Nxf3+ 37. Kg2 Nh4+ 38. Kf2 Qg7 39. Bg4 Nxg4+ 40. hxg4 Qxg4 41. Nc6 Qg2+ 42. Ke1 Nf3+ 43. Kd1 Qd2# 0-1


[Site "https://www.chess.com"]

[Event "Titled Tuesday Blitz June 20 Late 2023"]
[White "Fernandez, Maria Florencia"]
[Black "Barrionuevo, Pablo"]
[WhiteFideId "116459"]
[BlackFideId "110566"]
[WhiteElo "2074"]
[BlackElo "2212"]
[Result "1-0"]
[Round "8"]
[TimeControl "180+2"]
[Date "2023.06.20"]
[WhiteClock "0:00:08"]
[BlackClock "0:00:00"]
[Board "117"]

1. d4 d5 2. c4 e6 3. Nc3 c5 4. e3 Nf6 5. dxc5 Bxc5 6. cxd5 exd5 7. Nf3 O-O 8. Be2 Nc6 9. O-O a6 10. b3 Qd6 11. Bb2 Rd8 12. Rc1 Ba7 13. Na4 Bg4 14. Nd4 Bb8 15. f4 Bxe2 16. Qxe2 Bc7 17. Nc5 Rab8 18. Nf5 Qf8 19. Bxf6 gxf6 20. Rf3 Kh8 21. Rg3 Ne7 22. Qh5 Ng6 23. Rh3 Qg8 24. Nh6 Qg7 25. Ng4 Nf8 26. Nxa6 Bd6 27. Nc5 Rbc8 28. Nd3 Rxc1+ 29. Nxc1 Rc8 30. Ne2 Rc2 31. Nd4 Rxa2 32. Qf5 Qg6 33. Qxf6+ Qxf6 34. Nxf6 Bc5 35. Rh5 Ne6 36. Rxd5 Bxd4 37. exd4 Kg7 38. Ne8+ Kf8 39. Nd6 1-0


[Site "https://www.chess.com"]

[Event "Titled Tuesday Blitz June 20 Late 2023"]
[White "disciplinedbrat"]
[Black "Melikhov, Evgeny V."]
[BlackFideId "4122046"]
[WhiteElo "2245"]
[BlackElo "2158"]
[Result "0-1"]
[Round "8"]
[TimeControl "180+2"]
[Date "2023.06.20"]
[WhiteClock "0:00:08"]
[BlackClock "0:00:16"]
[Board "118"]

1. d3 d5 2. g3 c5 3. Bg2 Nc6 4. c4 d4 5. Nf3 e5 6. O-O Bd6 7. e3 Nf6 8. exd4 cxd4 9. Bg5 O-O 10. Nbd2 h6 11. Bxf6 Qxf6 12. Ne4 Qd8 13. Nxd6 Qxd6 14. Re1 Re8 15. a3 a5 16. Nd2 Bf5 17. Ne4 Bxe4 18. Bxe4 b6 19. Qf3 Rac8 20. Bd5 Nd8 21. Re2 Ne6 22. h4 Rc7 23. b4 Rce7 24. Rae1 Nc7 25. Bc6 Rf8 26. bxa5 bxa5 27. a4 Na6 28. Be4 Nc5 29. Qf5 g6 30. Qg4 f5 31. Bd5+ Kg7 32. Qf3 h5 33. Qg2 Nxd3 34. Rb1 Nb4 35. f4 e4 36. Qf2 d3 37. Qd4+ Qf6 38. Qxf6+ Kxf6 39. Rd2 Rb8 40. Rb3 Rc7 41. Kf2 Ke7 42. Rdb2 Kd6 43. Ke3 Kc5 44. Kd2 Rd8 45. Kc3 Rxd5 46. cxd5 Nxd5+ 47. Kd2 Kd4 48. Kd1 Ne3+ 49. Kd2 Nc4+ 50. Kd1 Nxb2+ 51. Rxb2 Ke3 52. Rb6 Rc3 53. Rxg6 Ra3 54. Rc6 Ra1+ 55. Rc1 Rxc1+ 56. Kxc1 Ke2 0-1


[Site "https://www.chess.com"]

[Event "Titled Tuesday Blitz June 20 Late 2023"]
[White "Sadilek, Peter"]
[Black "Palacio,Igor Da Paz"]
[WhiteFideId "1616439"]
[BlackFideId "2121140"]
[WhiteElo "2227"]
[BlackElo "2126"]
[Result "1-0"]
[Round "8"]
[TimeControl "180+2"]
[Date "2023.06.20"]
[WhiteClock "0:02:00"]
[BlackClock "0:00:44"]
[Board "119"]

1. e4 d6 2. d4 Nf6 3. Nc3 g6 4. Bg5 Bg7 5. Qd2 c6 6. Bh6 Bxh6 7. Qxh6 Qa5 8. Bd3 Qb4 9. O-O-O Qxd4 10. Nf3 Qc5 11. e5 dxe5 12. Rhe1 Bg4 13. Rxe5 Qb4 14. Rde1 Bxf3 15. Qg7 Qf4+ 16. Kb1 Rg8 17. Rxe7+ Kd8 18. Qxf7 Nbd7 19. Rxd7+ Nxd7 20. Qxf4 1-0


[Site "https://www.chess.com"]

[Event "Titled Tuesday Blitz June 20 Late 2023"]
[White "Rian, Kapriaga"]
[Black "Thiel, Thomas"]
[WhiteFideId "7103263"]
[BlackFideId "4615964"]
[WhiteElo "2335"]
[BlackElo "2200"]
[Result "1-0"]
[Round "8"]
[TimeControl "180+2"]
[Date "2023.06.20"]
[WhiteClock "0:00:36"]
[BlackClock "0:00:00"]
[Board "120"]

1. d4 d5 2. Nf3 Nf6 3. Bf4 c5 4. e3 Nc6 5. Nbd2 Qb6 6. dxc5 Qxc5 7. Be2 Bf5 8. c4 e6 9. O-O dxc4 10. Nxc4 Rd8 11. Qb3 Qb4 12. Qxb4 Bxb4 13. a3 Be7 14. b4 Nd5 15. Bg3 Nc3 16. Bd1 Bd3 17. Ncd2 Bxf1 18. Kxf1 Nxd1 19. Rxd1 O-O 20. Ke2 a5 21. b5 Na7 22. a4 Bb4 23. Nd4 Rd5 24. f4 Bxd2 25. Rxd2 Rfd8 26. Rc2 Nc8 27. Be1 b6 28. Rc6 R5d6 29. Rc7 R6d7 30. Rc6 Rd6 31. Rc7 R6d7 32. Rc2 Rd5 33. Rc7 Nd6 34. Nc6 Ne4 35. Nxd8 Rxd8 36. Rb7 Nc5 37. Rxb6 Nxa4 38. Ra6 Nc5 39. Rxa5 f5 40. b6 Nb7 41. Rb5 Kf7 42. Bc3 g6 43. Bd4 Rd5 44. Rb2 Ra5 45. Rc2 Nd6 46. Rc7+ Ke8 47. b7 Rb5 48. Rc8+ 1-0


[Site "https://www.chess.com"]

[Event "Titled Tuesday Blitz June 20 Late 2023"]
[White "Sanchez, Robert"]
[Black "Shapiro, Daniel"]
[WhiteFideId "2034360"]
[BlackFideId "2001780"]
[WhiteElo "2075"]
[BlackElo "2314"]
[Result "0-1"]
[Round "8"]
[TimeControl "180+2"]
[Date "2023.06.20"]
[WhiteClock "0:00:13"]
[BlackClock "0:00:06"]
[Board "121"]

1. e4 e5 2. Nf3 Nc6 3. Bb5 a6 4. Ba4 Nf6 5. d3 b5 6. Bb3 Bd6 7. O-O h6 8. c3 O-O 9. Re1 Re8 10. Nbd2 Bb7 11. Nf1 Bf8 12. Ng3 d5 13. exd5 Nxd5 14. d4 Na5 15. Nxe5 Nxb3 16. axb3 c5 17. Be3 Nxe3 18. fxe3 Qg5 19. Qd2 Rad8 20. Qf2 f6 21. Nf3 Qg4 22. h3 Qg6 23. Nh4 Qg5 24. Nf3 Qg6 25. Rad1 Bd6 26. Nf1 Be4 27. N3h2 Bc2 28. Rd2 Bxb3 29. Qf3 cxd4 30. cxd4 Bb4 31. Rde2 Bxe1 32. Rxe1 Bd5 33. Qf2 Be4 34. Ng3 Bb7 35. Nf3 f5 36. Nh4 Qf6 37. Nhxf5 Kh7 38. Qf4 g6 39. Qxh6+ Kg8 40. Rf1 Rf8 41. e4 gxf5 42. Qxf6 Rxf6 43. Nxf5 Bxe4 0-1


[Site "https://www.chess.com"]

[Event "Titled Tuesday Blitz June 20 Late 2023"]
[White "Romero Ruscalleda, Josep"]
[Black "Sainz Aguirre, Ignacio"]
[WhiteFideId "2231859"]
[BlackFideId "5101727"]
[WhiteElo "2183"]
[BlackElo "1889"]
[Result "1-0"]
[Round "8"]
[TimeControl "180+2"]
[Date "2023.06.20"]
[WhiteClock "0:00:47"]
[BlackClock "0:00:00"]
[Board "122"]

1. e4 e6 2. d4 d5 3. e5 c5 4. c3 Nc6 5. Be3 Qb6 6. Qd2 c4 7. g3 a5 8. Bh3 a4 9. Ne2 a3 10. Nxa3 Bxa3 11. bxa3 Rxa3 12. O-O Nge7 13. f4 h5 14. Kh1 h4 15. g4 g6 16. f5 exf5 17. gxf5 Bxf5 18. Bxf5 Nxf5 19. Bg5 Nce7 20. Rab1 Qa6 21. Rb2 Rh5 22. Rfb1 b5 23. Rxb5 Rxa2 24. Rb8+ Kd7 25. R1b7+ Kc6 26. Rb6+ Qxb6 27. Rxb6+ Kxb6 28. Qxa2 Rxg5 29. Qa3 h3 30. Qc5+ Kb7 31. Nf4 Rg4 32. Nxh3 Rh4 33. Nf2 Ng3+ 34. Kg2 Ne2 35. Qxe7+ 1-0


[Site "https://www.chess.com"]

[Event "Titled Tuesday Blitz June 20 Late 2023"]
[White "Grabs, Peter"]
[Black "Vifleemskaia, Svetlana"]
[WhiteFideId "16203887"]
[BlackFideId "4129490"]
[WhiteElo "1698"]
[BlackElo "1930"]
[Result "0-1"]
[Round "8"]
[TimeControl "180+2"]
[Date "2023.06.20"]
[WhiteClock "0:00:27"]
[BlackClock "0:01:07"]
[Board "123"]

1. e4 e5 2. Nf3 Nc6 3. Bb5 a6 4. Bxc6 dxc6 5. Nc3 f6 6. d4 exd4 7. Qxd4 Qxd4 8. Nxd4 Bd7 9. Be3 O-O-O 10. f3 Ne7 11. Kf2 Ng6 12. Rad1 h5 13. Nde2 Bd6 14. g3 Ne5 15. b3 h4 16. Na4 f5 17. Nec3 Rdf8 18. Ke2 Ng6 19. Nb6+ cxb6 20. Rxd6 hxg3 21. Rxg6 Rxh2+ 22. Kf1 Rxh1+ 23. Kg2 Rh2+ 24. Kxg3 Rxc2 25. Rxg7 0-1


[Site "https://www.chess.com"]

[Event "Titled Tuesday Blitz June 20 Late 2023"]
[White "Burke, Paul"]
[Black "Ozalp, Burak"]
[WhiteFideId "2605767"]
[BlackFideId "6314210"]
[WhiteElo "1923"]
[BlackElo "2106"]
[Result "0-1"]
[Round "8"]
[TimeControl "180+2"]
[Date "2023.06.20"]
[WhiteClock "0:00:24"]
[BlackClock "0:01:43"]
[Board "124"]

1. e4 c5 2. Nf3 d6 3. d4 cxd4 4. c3 d3 5. Bxd3 Nc6 6. Bc4 Nf6 7. Ng5 e6 8. Qc2 Be7 9. O-O O-O 10. f4 d5 11. exd5 exd5 12. Bd3 d4 13. Nxh7 dxc3 14. Nxf6+ Bxf6 15. bxc3 Nb4 16. cxb4 Qd4+ 17. Kh1 Qxa1 18. Bd2 Qb2 19. Qxb2 Bxb2 20. Be4 Be6 21. a3 Rfd8 22. h3 Ba2 23. Bxb7 Rab8 24. Bc3 Bxc3 25. Nxc3 Bc4 0-1


[Site "https://www.chess.com"]

[Event "Titled Tuesday Blitz June 20 Late 2023"]
[White "Torres Dominguez, David"]
[Black "Sarkar, Justin"]
[WhiteFideId "2220857"]
[BlackFideId "2010011"]
[WhiteElo "1999"]
[BlackElo "2151"]
[Result "1-0"]
[Round "8"]
[TimeControl "180+2"]
[Date "2023.06.20"]
[WhiteClock "0:00:18"]
[BlackClock "0:00:00"]
[Board "125"]

1. e4 c5 2. Nc3 Nc6 3. Bb5 Nd4 4. Bc4 Nf6 5. d3 e6 6. e5 d5 7. exd6 Bxd6 8. Nge2 O-O 9. Bg5 h6 10. Bxf6 Qxf6 11. Ne4 Qe7 12. Nxd4 cxd4 13. Nxd6 Qxd6 14. O-O Bd7 15. Re1 b5 16. Bb3 Bc6 17. Qh5 a5 18. a4 bxa4 19. Bxa4 Bd5 20. c4 dxc3 21. bxc3 Bb7 22. Qh3 Rfd8 23. d4 Bd5 24. Bb5 Rdc8 25. Qd3 Qc7 26. Rec1 Bc4 27. Bxc4 Qxc4 28. Qxc4 Rxc4 29. Kf1 a4 30. Ra3 Rac8 31. Rca1 Rxc3 32. Rxc3 Rxc3 33. Rxa4 1-0


[Site "https://www.chess.com"]

[Event "Titled Tuesday Blitz June 20 Late 2023"]
[White "Gyulamiryan-koryun"]
[Black "KSho99"]
[WhiteElo "1894"]
[BlackElo "2203"]
[Result "0-1"]
[Round "8"]
[TimeControl "180+2"]
[Date "2023.06.20"]
[WhiteClock "0:00:00"]
[BlackClock "0:00:05"]
[Board "126"]

1. e4 c6 2. Nc3 d5 3. Nf3 dxe4 4. Nxe4 Nf6 5. Ng3 h5 6. h4 Bg4 7. Be2 e6 8. Ne5 Bxe2 9. Qxe2 Nbd7 10. d4 Qb6 11. c3 c5 12. Nc4 Qc7 13. Nf5 cxd4 14. Nxd4 Rc8 15. b3 Bc5 16. Nb5 Qc6 17. O-O O-O 18. Nd4 Bxd4 19. cxd4 Qe4 20. Be3 Qxh4 21. f3 Nd5 22. Bf2 Qg5 23. Qe4 Nf4 24. g3 Nh3+ 25. Kh2 Nxf2 26. Rxf2 Qd5 27. Ne3 Qxe4 28. fxe4 Rc3 29. Nc4 Nf6 30. Nd6 Ng4+ 31. Kg2 Nxf2 32. Kxf2 b6 33. Nc4 Rd8 34. Rd1 Rc2+ 35. Ke3 Rxa2 36. d5 exd5 37. exd5 b5 38. Ne5 Ra3 39. Rd3 Ra6 40. Nc6 Rd6 41. Nb4 Rab6 42. Ke4 f6 43. Rc3 Kh7 44. Rc7 a5 45. Nc6 a4 46. b4 a3 47. Ra7 Rbxc6 48. dxc6 Rxc6 49. Rxa3 Rc4+ 50. Kf5 Rxb4 51. Rc3 Rg4 52. Rb3 b4 0-1


[Site "https://www.chess.com"]

[Event "Titled Tuesday Blitz June 20 Late 2023"]
[White "Dmitriev, Sergey"]
[Black "Pein, Jonathan"]
[WhiteFideId "14101785"]
[BlackFideId "417092"]
[WhiteElo "2132"]
[BlackElo "2151"]
[Result "0-1"]
[Round "8"]
[TimeControl "180+2"]
[Date "2023.06.20"]
[WhiteClock "0:01:19"]
[BlackClock "0:01:54"]
[Board "127"]

1. d4 Nf6 2. Nf3 g6 3. Bf4 Bg7 4. e3 O-O 5. h3 d6 6. Nbd2 Nbd7 7. Be2 Qe8 8. O-O e5 9. dxe5 dxe5 10. Bh2 Qe7 11. e4 Rd8 12. c3 Nh5 13. Qc2 a5 14. Bc4 Nc5 15. a3 c6 16. Rfe1 b5 17. Ba2 Nd3 18. Re2 Ndf4 19. Re3 Bh6 20. g4 Nxh3+ 21. Kg2 Bxg4 22. Rd3 Rxd3 23. Qxd3 N3f4+ 24. Bxf4 Nxf4+ 0-1


[Site "https://www.chess.com"]